 Dungeon Crawl Stone Soup version 0.28.0-53-g5a82cb258f (webtiles) character file.

Game seed: 7947679329621979489

483 mcbry74 the Chopper (level 7, -6/50 (57) HPs)
             Began as a Hill Orc Fighter on June 24, 2022.
             Was a Follower of Beogh.
             Mangled by a wight
             ... wielding a +2 scimitar
              (13 damage)
             ... on level 5 of the Dungeon.
             The game lasted 00:16:03 (4593 turns).

mcbry74 the Chopper (Hill Orc Fighter)              Turns: 4593, Time: 00:16:04

HP:   -6/50 (57)    AC:  7    Str: 21    XL:     7   Next: 12%
MP:   7/7           EV:  9    Int:  8    God:    Beogh [*.....]
Gold: 230           SH:  4    Dex: 10    Spells: 6/6 levels left

rFire   + . .      SeeInvis .   a - +0 war axe
rCold   . . .      Faith    .   c - +0 buckler
rNeg    . . .      Spirit   .   b - +0 scale mail
rPois   .          Reflect  .   (no helmet)
rElec   .          Harm     .   (no cloak)
rCorr   .          Rampage  .   (no gloves)
Will    .....                   (no boots)
Stlth   ..........              (no amulet)
HPRegen 0.16/turn               q - ring of protection from fire
MPRegen 0.10/turn               (no ring)

@: heavily drained
A: no striking features
a: Renounce Religion


You were on level 5 of the Dungeon.
You worshipped Beogh.
Beogh was aware of your devotion.
You visited 1 branch of the dungeon, and saw 5 of its levels.

You collected 230 gold pieces.

Inventory:

Hand Weapons
 a - a +0 war axe (weapon)
Missiles
 e - 140 stones
 g - 8 boomerangs (quivered)
 j - 5 atropa-tipped darts
 t - a throwing net
 u - 46 arrows
 v - 5 poisoned darts
Armour
 b - a +0 scale mail (worn)
 c - a +0 buckler (worn)
Magical Staves
 o - a staff of death
Jewellery
 q - a ring of protection from fire (left hand)
Wands
 p - a wand of flame (23)
Scrolls
 i - a scroll of enchant armour {unknown}
 k - a scroll of fog
 l - a scroll of noise {unknown}
 m - a scroll of vulnerability
 r - a scroll of brand weapon {unknown}
Potions
 d - 2 potions of might
 f - a potion of curing
 h - a potion of lignification
 n - a potion of degeneration {unknown}
 s - a potion of resistance {unknown}


   Skills:
 - Level 3.6 Fighting
 * Level 7.7 Axes
 + Level 4.4 Armour
 + Level 4.3 Shields
 + Level 2.2 Evocations


You had 6 spell levels left.
You didn't know any spells.
Your spell library contained the following spells:

 Spells                   Type           Power      Damage    Failure   Level
 Shock                    Conj/Air       0%         1d3       83%         1
 Call Canine Familiar     Summ           0%         N/A       99%         3
 Portal Projectile        Hex/Tloc       0%         N/A       99%         3
 Swiftness                Air            0%         N/A       99%         3
 Airstrike                Air            0%         N/A       100%        4
 Leda's Liquefaction      Hex/Erth       0%         N/A       100%        4


Dungeon Overview and Level Annotations

Branches:
Dungeon (5/15)
 Temple: D:4-7

Altars:


Message History

You throw a boomerang.
The boomerang hits the wight but does no damage.
A wight comes into view. It is wielding a +0 war axe.
Throw: 8 boomerangs
Press: ? - help, Q - select action, (/) - cycle Shift-Dir - straight line, f/p - wight
Aim: a wight, wielding a +2 scimitar and wearing a +0 robe (56% to hit)
You throw a boomerang. The boomerang hits the wight.
The wight is lightly damaged.
You hit the wight.
The wight is heavily damaged.
The wight hits you with a +2 scimitar!
You feel drained.
You closely miss the wight.
The wight is heavily damaged.
The wight hits you with a +2 scimitar!
You barely miss the wight.
The wight is heavily damaged.
The wight hits you with a +2 scimitar.
You feel drained.
You barely miss the wight.
The wight is heavily damaged.
The wight hits you with a +2 scimitar!
You feel drained.
You closely miss the wight.
The wight is heavily damaged.
The wight hits you with a +2 scimitar!
* * * LOW HITPOINT WARNING * * *
You feel drained.
* * * LOW HITPOINT WARNING * * *
You slash the wight!
The wight is almost destroyed.
The wight barely misses you. x2
You closely miss the wight.
The wight is almost destroyed.
The wight hits you with a +2 scimitar.
* * * LOW HITPOINT WARNING * * *
You feel drained.
* * * LOW HITPOINT WARNING * * *
You barely miss the wight.
The wight is almost destroyed.
You block the wight's attack. The wight hits you with a +2 scimitar!
You die...

##### # #...#
..####...###########
............zz@....#
...........#######.#
##.......# #.# #.#...###
###.###
#.#<..#######....<#
#......z..........####.#
#..##########..........#
#..# ##.....###### #..#
#.z....#


You could see 2 wights.

Vanquished Creatures
  An ice beast (D:4)
  A necrophage (D:4)
  2 wights (D:5)
  A hound (D:4)
  A bullfrog skeleton (D:5)
  2 iguanas (D:5)
  4 adders
  2 worms (D:2)
  A dart slug (D:1)
  3 orcs
  10 ball pythons
  12 endoplasms
  4 giant cockroaches
  3 hobgoblins
  4 jackals (D:4)
  5 kobolds
  3 quokkas (D:3)
  4 bats
  A frilled lizard (D:2)
  7 goblins
  5 rats
76 creatures vanquished.

Vanquished Creatures (others)
  An orc (D:3)
  8 fungi (D:5)
  15 plants
  4 toadstools (D:1)
28 creatures vanquished.

Grand Total: 104 creatures vanquished

Notes
Turn   | Place    | Note
-------+----------+-------------------------------------------
     0 | D:1      | mcbry74 the Hill Orc Fighter began the quest for the Orb.
     0 | D:1      | Reached XP level 1. HP: 19/19 MP: 1/1
    97 | D:1      | Reached skill level 3 in Axes
   352 | D:1      | Reached XP level 2. HP: 26/26 MP: 2/2
   868 | D:2      | Reached skill level 4 in Axes
  1293 | D:2      | Reached XP level 3. HP: 26/31 MP: 3/3
  1459 | D:2      | Reached skill level 5 in Axes
  1891 | D:2      | Reached XP level 4. HP: 35/39 MP: 4/4
  2103 | D:2      | Found a faded altar of an unknown god.
  2381 | D:3      | Became a worshipper of Beogh the Brigand
  2387 | D:3      | Reached skill level 6 in Axes
  3282 | D:4      | Noticed a necrophage
  3293 | D:4      | Killed a necrophage
  3294 | D:4      | Reached skill level 1 in Evocations
  3294 | D:4      | Reached XP level 5. HP: 45/45 MP: 5/5
  3899 | D:4      | Noticed an ice beast
  3906 | D:4      | Killed an ice beast
  3907 | D:4      | Reached skill level 7 in Axes
  3907 | D:4      | Reached XP level 6. HP: 40/51 MP: 6/6
  4144 | D:5      | Entered Level 5 of the Dungeon
  4150 | D:5      | Reached * piety under Beogh
  4426 | D:5      | Reached XP level 7. HP: 57/57 MP: 7/7
  4562 | D:5      | HP: 2/50 [wight/+2 scimitar (2)]
  4593 | D:5      | Mangled by a wight

Illustrated notes

Levels and vault maps discovered:
D:1:      ldierk_walled_garden_2, layout_basic, supply_closet_lemuel,
          hex_intersection
D:2:      minmay_wonky_spiral, layout_basic, dilly_ecumenical_altar_fadedgnrine,
          minmay_circled_x
D:3:      layout_basic
D:4:      layout_basic
D:5:      layout_loops_ring, nicolae_ashenzari_skybound,
          mainiacjoe_overflow_chevrons, lemuel_tele_altar

Skill      XL: |  1  2  3  4  5  6 |
---------------+-------------------+-----
Axes           | 3 4 5 6 7 |  7.7
Evocations     | 1 2 |  2.2
Armour         | 4 |  4.4
Shields        | 4 |  4.3
Fighting       | |  3.6

Action                   |  1- 3 |  4- 6 |  7- 9 || total
-------------------------+-------+-------+-------++-------
Melee: War axe           |    88 |   113 |    11 ||   212
Throw: Stone             |       |    23 |       ||    23
       Boomerang         |       |     6 |     3 ||     9
Invok: Convert to Beogh  |       |     1 |       ||     1
Evoke: Wand              |       |     3 |       ||     3
  Use: Scroll            |       |     4 |       ||     4
Armor: Scale mail        |    26 |    26 |       ||    52
Dodge: Dodged            |    26 |    48 |     3 ||    77
Block: Buckler           |    14 |    22 |     2 ||    38
